Unix NetHack Version 5.0.0-0 post-release - last build Jun 10 2026 00:39:30 (3ee93aec679c4c4259841fe613dc97188e26a321,branch:main).

Game began 2026-07-08 23:10:14, ended 2026-07-09 00:06:36.

BATTLEMODE, chaotic female elven Wizard

                                            ---
                                            |..x.....
                                           #-....>...
                                           #--------. #
                                          ######   ####
                                           #         ##
                                           #          ####
                                           #      -------.-----
                                     #     ##     |...........|
                                     @------#     |...........|
                                     #.....-#     |...........|
                                      |....|      |............#
                                        ...       |.......<...|
                                                  -------------

BATTLEMODE the Conjurer   St:11 Dx:17 Co:10 In:20 Wi:10 Ch:10  Chaotic
Dlvl:3  $:46 HP:16(29) Pw:41(41) AC:6  Xp:4 T:1079  Blind

Latest messages:
 You try to feel what is lying here on the floor.
 You feel here a statue of a grid bug.
 You try to feel what is lying here on the floor.
 You feel here 6 gold pieces.
 $ - 6 gold pieces (30 in total).
 The door resists!
 Wait!  There's something there you can't see!
 The door opens.
 You feel an unseen monster!
 You hear the footsteps of a guard on patrol.
 You are beginning to feel hungry.
 What do you want to eat? [A or ?*] ?
 What do you want to eat? [A or ?*] a
 You cannot eat that!
 What do you want to eat? [A or ?*] A
 This food really hits the spot!
 You hear the footsteps of a guard on patrol.
 You finish eating the food ration.
 Are you sure you want to pray? [yn] (n) y
 You begin praying to Anhur.
 You finish your prayer.
 You feel that Anhur is displeased.
 Wait!  There's something there you can't see!
 It yowls!
 You hit it.
 The tingling in your hands lessens.
 It bites!
 Wait!  There's something there you can't see!
 It bites!
 You get zapped!
 It bites!
 It bites!
 You kill it!
 You attack thin air.
 It bites!
 You miss it.
 It misses!
 It yowls!
 You kill it!
 You hear the rumble of distant thunder...
 You try to feel what is lying here on the floor.
 You feel here 16 gold pieces.
 $ - 16 gold pieces (46 in total).
 You hear the footsteps of a guard on patrol.
 Really quit without saving? [yn] (n) y
 Do you want your possessions identified? [ynq] (y) y
 Do you want to see your attributes? [ynq] (y) y
 Do you want an account of creatures vanquished? [ynaq] (y) n
 Do you want to see your conduct and achievements? [ynq] (y) n
 Do you want to see the dungeon overview? [ynq] (y) n

Inventory:
 Coins    ('$')
  $ - 46 gold pieces
 Weapons  (')')
  w - a +1 dagger
  a - a blessed +1 quarterstaff (weapon in hands)
 Armor    ('[')
  z - an uncursed +0 pair of leather gloves (being worn)
  b - an uncursed +0 cloak of magic resistance (being worn)
  x - a blessed +0 dwarvish cloak
 Scrolls  ('?')
  i - an uncursed scroll of identify
  k - a blessed scroll of light
  j - a blessed scroll of magic mapping
 Spellbooks  ('+')
  l - a blessed spellbook of force bolt
  m - an uncursed spellbook of slow monster
 Potions  ('!')
  g - an uncursed potion of booze
  h - an uncursed potion of extra healing
 Rings    ('=')
  d - an uncursed +2 ring of protection (on right hand)
  e - an uncursed ring of protection from shape changers (on left hand)
 Wands    ('/')
  c - a wand of create monster (0:13)
  t - a wand of digging (0:3)
 Tools    ('(')
  o - an uncursed wooden harp
  n - a magic marker (0:19)
 Gems/Stones  ('*')
  u - an uncursed worthless piece of black glass

BATTLEMODE the Wizard's attributes:

Background:
 You were a Conjurer, a level 4 female elven Wizard.
 You were chaotic, on a mission for Anhur
 who was opposed by Ptah (lawful) and Thoth (neutral).
 You were right-handed.
 You were in the Dungeons of Doom, on level 3.
 You entered the dungeon 1079 turns ago.
 It was the midnight hour.
 You had 100 experience points, 60 more were needed to attain level 5.

Basics:
 You had 16 out of 29 hit points.
 You had all 41 energy points (spell power).
 Your armor class was 6.
 Your wallet contained 46 zorkmids.
 Autopickup was off.

Final Characteristics:
 Your strength was 11 (limit:18).
 Your dexterity was 17 (limit:18).
 Your constitution was 10 (limit:16).
 Your intelligence was 20 (limit:20).
 Your wisdom was 10 (limit:20).
 Your charisma was 10 (limit:18).

Final Status:
 You were temporarily blind.
 You weren't hungry.
 You were unencumbered.
 You were wielding a quarterstaff.
 You had basic skill with quarterstaff.

Final Attributes:
 You were nominally aligned.
 You were magic-protected.
 You were sleep resistant.
 You had infravision.
 You would have confused monsters when hitting them.
 You had a small defense bonus (+2).
 You were guarded.
 You were protected from shape changers.
 You were unlucky.
 Anhur was angry with you.
 You survived.

Miscellaneous:
 You didn't encounter any bones levels.
 Total elapsed playing time was 56 minutes and 9 seconds.

Major events:
 Turn
    1: BATTLEMODE the chaotic female elven Wizard entered the dungeon
  646: attained the rank of Conjurer (level 3)
 1079: quit

Spells:
 Name                 Level Category     Fail Retention
 force bolt             1   attack         0%  91%-100%
 slow monster           2   enchantment    0%  91%-100%

Skills:
 Fighting Skills
   bare handed combat [Unskilled]
   riding             [Unskilled]
 Weapon Skills
   dagger             [Unskilled]
   knife              [Unskilled]
   axe                [Unskilled]
   short sword        [Unskilled]
   club               [Unskilled]
   mace               [Unskilled]
   quarterstaff       [Basic]
   polearms           [Unskilled]
   spear              [Unskilled]
   trident            [Unskilled]
   sling              [Unskilled]
   dart               [Unskilled]
   shuriken           [Unskilled]
 Spellcasting Skills
   attack spells      [Basic]
   healing spells     [Unskilled]
   divination spells  [Unskilled]
   enchantment spells [Basic]
   clerical spells    [Unskilled]
   escape spells      [Unskilled]
   matter spells      [Unskilled]

Voluntary challenges:
 Character rerolling was not enabled.
 You followed a strict vegan diet.
 You never genocided any monsters.
 You never polymorphed an object.
 You never changed form.
 You used no wishes.
Achievements:
 You attained the rank of Conjurer.
 You entered a shop.

 The Dungeons of Doom: levels 1 to 3
    Level 1:
    Level 2:
       A general store, a fountain.
    Level 3: <- You were here.


Vanquished creatures:
  a small mimic
  a little dog
  a kitten
 an acid blob
  a hobbit
  4 jackals
  a kobold
  a goblin
  3 sewer rats
  8 grid bugs
  3 lichens
  a kobold zombie
  a newt
27 creatures vanquished.

No species were genocided or became extinct.

Goodbye BATTLEMODE the Wizard...

You quit in The Dungeons of Doom on dungeon level 3 with 586 points,
and 46 pieces of gold, after 1079 moves.
You were level 4 with a maximum of 29 hit points when you quit.

